 Dungeon Crawl Stone Soup version 0.27-a0-705-ga0013940fb (webtiles) character file.

Game seed: 16271839213504322176

2901 Lanoc the Destroyer (level 10, -7/63 HPs)
             Began as a Formicid Conjurer on Mar 21, 2021.
             Was a Believer of Sif Muna.
             Mangled by a five-headed hydra (10 damage)
             ... on level 7 of the Dungeon on Mar 22, 2021.
             The game lasted 00:13:56 (9693 turns).

Lanoc the Destroyer (Formicid Conjurer)             Turns: 9693, Time: 00:13:57

Health: -7/63      AC:  4    Str: 19    XL:     10   Next: 6%
Magic:  5/13       EV: 13    Int: 26    God:    Sif Muna [**....]
Gold:   325        SH:  0    Dex:  9    Spells: 10/13 levels left

rFire    + . .     SeeInvis +   o - staff of conjuration
rCold    + . .     Faith    .   (no shield)
rNeg     . . .     Spirit   .   y - +2 robe of the Ageless Quests {*Contam rF+ rCorr Int+6}
rPois    .         Reflect  .   (helmet unavailable)
rElec    .         Harm     .   r - scarf {+Inv}
rCorr    +         Rampage  .   (no gloves)
Will     +....                  (no boots)
Stlth    ++........             f - amulet of the acrobat
HPRegen  0.20/turn              C - +6 ring of strength
MPRegen  0.13/turn              B - ring of protection from cold

@: no status effects
A: permanent stasis, dig shafts and tunnels, antennae 3, four strong arms
a: Dig, Shaft Self, Renounce Religion, Evoke Invisibility, Channel Magic


You were on level 7 of the Dungeon.
You worshipped Sif Muna.
Sif Muna was pleased with you.
You visited 2 branches of the dungeon, and saw 8 of its levels.

You collected 325 gold pieces.

Inventory:

Hand Weapons
 b - a +1 dagger
Missiles
 g - 60 sling bullets
Armour
 r - a scarf of invisibility (worn)
 y - the +2 robe of the Ageless Quests (worn) {*Contam rF+ rCorr Int+6}
   (You took it off a gnoll on level 5 of the Dungeon)

   It affects your intelligence (+6).
   It protects you from fire.
   It causes magical contamination when unequipped.
   It provides partial protection from all sources of acid and corrosion.
Magical Staves
 o - a staff of conjuration (weapon)
Jewellery
 f - an amulet of the acrobat (around neck)
 z - a ring of flight
 B - a ring of protection from cold (left hand)
 C - a +6 ring of strength (right hand)
Wands
 p - a wand of charming (8)
 q - a wand of flame (14)
Scrolls
 c - 3 scrolls of teleportation {unknown}
 e - 2 scrolls of enchant weapon
 k - a scroll of acquirement {unknown}
 n - a scroll of torment {unknown}
 t - a scroll of fog {unknown}
 u - a scroll of vulnerability {unknown}
 w - a scroll of fear {unknown}
 x - a scroll of enchant armour {unknown}
 A - a scroll of blinking {unknown}
Potions
 a - 2 potions of curing
 d - 4 potions of brilliance {unknown}
 h - 2 potions of invisibility {unknown}
 i - 2 potions of lignification
 j - a potion of magic
 l - 2 potions of resistance
 m - 4 potions of attraction {unknown}
 s - 3 potions of cancellation {unknown}
 v - 2 potions of might {unknown}


   Skills:
 + Level 7.2 Dodging
 - Level 2.4 Stealth
 - Level 2.1 Spellcasting
 * Level 10.5 Conjurations


You had 10 spell levels left.
You knew the following spells:

 Your Spells              Type           Power      Damage    Failure   Level
a - Magic Dart            Conj           100%       1d8       1%          1
b - Searing Ray           Conj           100%       3d7       1%          2

Your spell library contained the following spells:

 Spells                   Type           Power      Damage    Failure   Level
 Conjure Flame            Conj/Fire      45%        6-21      3%          3
 Dazzling Flash           Conj/Hex       90%        N/A       3%          3
 Mephitic Cloud           Conj/Pois/Air  31%        N/A       8%          3
 Corona                   Hex            2%         N/A       11%         1
 Fulminant Prism          Conj/Hex       22%        3d13      12%         4
 Iskenderun's Mystic Bla  Conj/Tloc      45%        2d10      12%         4
 Poisonous Vapours        Pois/Air       4%         N/A       16%         2
 Slow                     Hex            2%         N/A       16%         2
 Confusing Touch          Hex            2%         N/A       30%         3
 Gell's Gravitas          Tloc           1%         N/A       30%         3
 Inner Flame              Hex/Fire       2%         N/A       30%         3
 Portal Projectile        Hex/Tloc       4%         N/A       30%         3
 Cause Fear               Hex            1%         N/A       71%         4
 Leda's Liquefaction      Hex/Erth       1%         N/A       71%         4
 Petrify                  Tmut/Erth      2%         N/A       71%         4
 Metabolic Englaciation   Hex/Ice        1%         N/A       96%         5
 Yara's Violent Unravell  Hex/Tmut       1%         3d3       96%         5
 Freezing Cloud           Conj/Ice/Air   15%        6-21      98%         6


Dungeon Overview and Level Annotations

Branches:
Dungeon (7/15)             Temple (1/1) D:4

Altars:
Ashenzari
Dithmenos
Elyvilon
Fedhas
Gozag
Kikubaaqudgha
Makhleb
Nemelex Xobeh
Qazlal
Ru
Sif Muna
Trog
Wu Jian
Xom
Yredelemnul
Zin
The Shining One

Shops:
D:3 =   D:4 =   D:6 ?

Annotations:
D:4 1 runed translucent door, emiel's ghost, amateur PaWn


Innate Abilities, Weirdness & Mutations

You cannot be hasted, slowed, berserked, paralysed or teleported.
You can dig through walls and to a lower floor.
You have a pair of large antennae on your head. (SInv)
Your four strong arms can wield two-handed weapons with a shield.


Message History

The troll is severely wounded.
The searing ray hits the troll!
The troll is almost dead.
You hear an angry hiss.
The troll bites you. The troll claws you. The troll misses you.
You hear a roar!
The searing ray misses the troll.
You finish channeling your searing ray.
The troll bites you. The troll completely misses you. x2
You hit the troll.
You blast the troll.
You kill the troll!
Sif Muna accepts your kill.
You have reached level 10!
A vampire comes into view.
It is wielding a +1 whip of electrocution.
Casting: Searing Ray (safe; 1% risk of failure)
Confirm with . or Enter, or press ? or * to list all spells.
Aiming: Searing Ray (safe; 1% risk of failure)
Press: ? - help, Shift-Dir - straight line, f - vampire
Aim: a vampire, wielding a +1 whip of electrocution and wearing a ring of see invisible (17% to evade)
You feel a surge of power!
The searing ray hits the vampire but does no damage. (Press . to maintain the ray.)
A five-headed hydra comes into view.
The vampire points at itself and mumbles some strange words.
The vampire flickers and vanishes for a moment.
The searing ray misses the five-headed hydra.
The searing ray hits the vampire.
The vampire is lightly damaged.
The five-headed hydra completely misses you.
The five-headed hydra bites you! The five-headed hydra misses you.
The five-headed hydra closely misses you.
The five-headed hydra barely misses you.
As you read the scroll labelled VENUCU EGAUTOG, it crumbles to dust.
It is a scroll of enchant weapon.
Your +0 dagger glows red for a moment.
The five-headed hydra bites you. The five-headed hydra bites you!
* * * LOW HITPOINT WARNING * * *
The five-headed hydra bites you!
* * * LOW HITPOINT WARNING * * *
The five-headed hydra bites you!
You die...

#(....#.#..###..#.#..##.#....####
###'####.#. .#.####'###...##
#.#.#.###.# #.# ##.###..#####
.#.#.#.###. .######)#.###......
#.#.#.#.####### ##.##.#.#{##.####
.#.#.#.#.# #.# #.#[#.#.# #.###
#.#.#.#.##{ {#V##.#.#.#.# #...#
.#.#.#.#.# #D#.#.#.#.# #.#.##
#.#.#.#.## {#@.#.#.#.# #.....
†#.#.#.#.# #..#.#.#.# #.#.##
#.#.#.#.#########.#.#.# ##...#
.#.#.#.###.....####.#.# ##..###
#.#†#.###.......####.## ##...# #
###'####...####..########..#.####
#..#..#..###..###.#.....#.##.....
#..#..#.##......###.⌠.⌠.#.#######
#....†'.....#...†.'..8..'.# #


You could see a five-headed hydra and a vampire (invisible).

Vanquished Creatures
  2 trolls
  Grinder (D:6)
  Menkaure (D:6)
  2 sky beasts
  A centaur (D:7)
  3 ogres
  2 phantoms
  2 bullfrogs (D:6)
  4 scorpions
  A killer bee (D:7)
  A centaur zombie (D:7)
  5 hounds
  5 orc priests
  A centaur skeleton (D:5)
  A gnoll shaman (D:7)
  An iguana (D:6)
  Natasha (thrice) (D:2)
  7 orc wizards
  4 worker ants
  A worker ant zombie (D:5)
  7 gnolls
  12 adders
  2 white imps
  2 ufetubi
  2 oozes
  An adder zombie (D:6)
  4 dart slugs (D:1)
  24 orcs
  3 removed leopard geckos
  2 ball pythons
  7 giant cockroaches
  10 hobgoblins
  7 jackals
  9 kobolds
  8 quokkas
  7 bats
  2 frilled lizards
  11 goblins
  6 rats
  A removed leopard gecko skeleton (D:5)
175 creatures vanquished.

Notes
Turn   | Place    | Note
-------+----------+-------------------------------------------
     0 | D:1      | Lanoc the Formicid Conjurer began the quest for the Orb.
     0 | D:1      | Reached XP level 1. HP: 13/13 MP: 3/3
   135 | D:1      | Reached XP level 2. HP: 15/19 MP: 1/5
   295 | D:1      | Reached skill level 4 in Conjurations
   502 | D:1      | Learned a level 2 spell: Searing Ray
   592 | D:1      | Reached XP level 3. HP: 24/24 MP: 4/6
  1525 | D:2      | Reached XP level 4. HP: 25/30 MP: 0/7
  1997 | D:2      | Noticed Natasha
  2002 | D:2      | Killed Natasha
  2215 | D:2      | Noticed Natasha
  2221 | D:2      | Killed Natasha
  2222 | D:2      | Reached skill level 5 in Conjurations
  2222 | D:2      | Reached XP level 5. HP: 23/35 MP: 1/8
  2303 | D:2      | Noticed Natasha
  2305 | D:2      | Killed Natasha
  2709 | D:3      | Reached XP level 6. HP: 41/41 MP: 0/9
  2924 | D:3      | Found a burning altar of Makhleb.
  3472 | D:3      | Found Litisuzo's Jewellery Boutique.
  3707 | D:4      | Reached skill level 6 in Conjurations
  3872 | D:4      | Reached XP level 7. HP: 46/46 MP: 8/10
  3955 | D:4      | You fall into a shaft and drop 1 floor!
  3955 | D:5      | Entered Level 5 of the Dungeon
  4042 | D:4      | Found Sujeytira's Jewellery Shoppe.
  4465 | D:4      | Found a runed translucent door.
  4468 | D:4      | Noticed emiel's ghost (amateur PaWn)
  4585 | D:4      | Found a staircase to the Ecumenical Temple.
  4594 | Temple   | Entered the Ecumenical Temple
  4727 | Temple   | Became a worshipper of Sif Muna the Loreminder
  5009 | D:5      | Found a shadowy altar of Dithmenos.
  5627 | D:5      | Identified the +2 robe of the Ageless Quests {*Contam rF+
                  | rCorr Int+6}
  5660 | D:5      | Reached skill level 7 in Conjurations
  6191 | D:6      | Upgraded the game from 0.27-a0-695-gb4952372f7 to
                  | 0.27-a0-705-ga0013940fb
  6205 | D:6      | Found Taxteaj's Magic Scroll Boutique.
  6271 | D:6      | Reached XP level 8. HP: 47/52 MP: 6/11
  6564 | D:6      | Reached skill level 5 in Dodging
  6615 | D:6      | Found a stormy altar of Qazlal.
  6641 | D:6      | Reached skill level 8 in Conjurations
  6732 | D:6      | Noticed Grinder
  6737 | D:6      | Killed Grinder
  6771 | D:6      | Reached * piety under Sif Muna
  6822 | D:6      | Reached XP level 9. HP: 37/57 MP: 2/12
  7303 | D:6      | Noticed Menkaure
  7306 | D:6      | Killed Menkaure
  7307 | D:6      | Reached skill level 9 in Conjurations
  7366 | D:6      | Found a white marble altar of Elyvilon.
  7436 | D:6      | Noticed a troll
  7442 | D:6      | Killed a troll
  8297 | D:7      | Found a basalt altar of Yredelemnul.
  8297 | D:7      | Found a blossoming altar of Fedhas.
  8720 | D:7      | Found a shadowy altar of Dithmenos.
  8764 | D:7      | Found a shadowy altar of Dithmenos.
  8870 | D:7      | Found a broken altar of Ashenzari.
  9053 | D:7      | Found an opulent altar of Gozag.
  9053 | D:7      | Found a glowing silver altar of Zin.
  9338 | D:7      | Reached skill level 10 in Conjurations
  9478 | D:7      | Reached ** piety under Sif Muna
  9683 | D:7      | Noticed a troll
  9688 | D:7      | Killed a troll
  9689 | D:7      | Reached XP level 10. HP: 46/63 MP: 7/13
  9691 | D:7      | Noticed a five-headed hydra
  9693 | D:7      | HP: 3/63 [five-headed hydra (13)]
  9693 | D:7      | Mangled by a five-headed hydra

Illustrated notes

Levels and vault maps discovered:
D:1:      mushboom_english_gardens, layout_basic, due_unseen_surprise
D:2:      layout_loops_ring, chequers_mini_garden, uniq_natasha
D:3:      layout_rooms, makhleb_heckhound_becter, serial_shops, shop,
          minmay_bisected
D:4:      layout_gridville, lemuel_temple_firewalk_b, ebering_ghost_sewer_d,
          serial_shops, nicolae_shop_waterfront, minmay_misc_feat_encased
D:5:      minmay_spotlight, layout_cave_pods, basic_altar
D:6:      layout_loops_corners, overflow_temple_1_default, serial_shops,
          nicolae_shop_trees, minmay_misc_feat_room, elyvilon_altar_1,
          uniq_grinder, uniq_menkaure
D:7:      minmay_the_grid_octo_tiled_squarecenter
          [minmay_the_grid_octo_checkered, minmay_the_grid_octo_concentric,
          minmay_the_grid_octo_toaster, minmay_the_grid_octo_odd_swirl,
          minmay_the_grid_square_5x5_megaprize_checkered,
          minmay_the_grid_square_5x5_shuriken, minmay_the_grid_square_5x5_two,
          minmay_the_grid_square_5x5_bridge,
          minmay_the_grid_square_5x5_shrine1], layout_loops_ring,
          grunt_temple_overflow_gold_and_silver, gammafunk_temple_overflow_claw,
          overflow_temple_1_default, basic_altar, grunt_decor_resistance
Temple:   nicolae_temple_figure_zero

Skill      XL: |  1  2  3  4  5  6  7  8  9 |
---------------+----------------------------+-----
Dodging        | 2 3 4 5 7 |  7.2
Conjurations   | 4 5 6 7 8 10 | 10.5
Stealth        | |  2.4
Spellcasting   | |  2.1

Action                   |  1- 3 |  4- 6 |  7- 9 | 10-12 || total
-------------------------+-------+-------+-------+-------++-------
Melee: Dagger            |    19 |       |       |       ||    19
       Unarmed           |     4 |       |       |       ||     4
       Staff             |       |    14 |    34 |       ||    48
 Cast: Magic Dart        |    69 |    99 |   167 |       ||   335
       Searing Ray       |       |     7 |    35 |     1 ||    43
 Abil: Dig               |     1 |     1 |       |       ||     2
  Use: Scroll            |       |       |     5 |     1 ||     6
Armor: Robe              |     9 |     3 |     7 |       ||    19
Dodge: Dodged            |    24 |    28 |    59 |     4 ||   115

Table legend: (Time is in decaauts)
 A = Elapsed time spent in this place.
 B = Non-inter-level travel time spent in this place.
 C = Inter-level travel time spent in this place.
 D = Time resting spent in this place.
 E = Time spent auto-exploring this place.
 F = Levels seen in this place.
 G = Mean time per level.
                   A        B        C        D        E       F      G
               +--------+--------+--------+--------+--------+-----+--------+
         Total |   9703 |   9544 |    159 |    123 |   8379 |   8 | 1212.9 |
       Dungeon |   9556 |   9428 |    128 |    123 |   8266 |   7 | 1365.1 |
        Temple |    146 |    115 |     31 |      0 |    113 |   1 |  146.0 |
               +--------+--------+--------+--------+--------+-----+--------+

Top non-repeatable levels by time:
     D:6: 2043 daAuts
     D:7: 1465 daAuts
     D:2: 1370 daAuts
     D:5: 1349 daAuts
     D:1: 1155 daAuts
     D:4: 1152 daAuts
     D:3: 1021 daAuts
  Temple: 146 daAuts
